 Dungeon Crawl Stone Soup version 0.26-a0-695-g987792ac36 (webtiles) character file.

Game seed: 8829349757801032747

144 marklar909 the Chopper (level 5, -19/47 HPs)
             Began as a Hill Orc Monk on Oct 25, 2020.
             Demolished by an ogre
             ... wielding a +0 giant spiked club
              (26 damage)
             ... on level 4 of the Dungeon.
             The game lasted 00:04:14 (3283 turns).

marklar909 the Chopper (Hill Orc Monk)              Turns: 3283, Time: 00:04:15

Health: -19/47     AC: 11    Str: 15    XL:     5   Next: 26%
Magic:  5/5        EV:  5    Int: 10    God:
Gold:   170        SH:  0    Dex: 13    Spells: 4/4 levels left

rFire    . . .     SeeInvis .   a - +0 hand axe
rCold    . . .     Faith    .   (no shield)
rNeg     . . .     Spirit   .   c - +0 plate armour
rPois    .         Reflect  .   (no helmet)
rElec    .         Harm     .   (no cloak)
rCorr    .         Rampage  .   (no gloves)
MR       .....                  j - +0 pair of boots
Stlth    ..........             (no amulet)
HPRegen  0.15/turn              (no ring)
MPRegen  0.09/turn              (no ring)

@: no status effects
A: no striking features
a: no special abilities


You were on level 4 of the Dungeon.
You visited 1 branch of the dungeon, and saw 4 of its levels.

You collected 170 gold pieces.

Inventory:

Hand Weapons
 a - a +0 hand axe (weapon)
Missiles
 q - 5 poisoned darts (quivered)
 r - 69 bolts
Armour
 c - a +0 plate armour (worn)
 j - a +0 pair of boots (worn)
Jewellery
 k - a +6 ring of intelligence {unknown}
 o - a cursed amulet of inaccuracy {unknown}
Scrolls
 d - a scroll of enchant armour {unknown}
 e - a scroll of fear {unknown}
 f - 2 scrolls of magic mapping {unknown}
 g - 5 scrolls of teleportation {unknown}
 n - 3 scrolls of identify {unknown}
 p - 4 scrolls of remove curse {unknown}
Potions
 b - 3 potions of curing {unknown}
 h - a potion of might {unknown}
 i - 3 potions of heal wounds {unknown}
 l - a potion of degeneration {unknown}
 m - a potion of flight {unknown}
 s - 2 potions of stabbing {unknown}


   Skills:
 + Level 4.4 Fighting
 + Level 6.1 Axes
 + Level 2.0 Armour
 + Level 2.7 Dodging
 - Level 1.5 Stealth


You had 4 spell levels left.
You didn't know any spells.
Your spell library was empty.

Dungeon Overview and Level Annotations

Branches:
Dungeon (4/15)
 Temple: D:4-7

Altars:
Ashenzari
Okawaru
Vehumet


Message History

The ogre hits you with a +0 giant spiked club!
* * * LOW HITPOINT WARNING * * *
Throwing (i - inventory)
q - 6 poisoned darts (quivered)
Press: ? - help, Shift-Dir - straight line, f/p - ogre
Aim: an ogre, wielding a +0 giant spiked club (very poisoned)
Okay, then.
You see here 7 gold pieces.
Throwing (i - inventory)
q - 6 poisoned darts (quivered)
Press: ? - help, Shift-Dir - straight line, f/p - ogre
Aim: an ogre, wielding a +0 giant spiked club (poisoned)
You throw a poisoned dart.
The poisoned dart closely misses the ogre.
Unknown command.
Found a broken altar of Ashenzari.
You hit the ogre.
The ogre is lightly wounded.
The ogre looks more healthy.
The ogre hits you with a +0 giant spiked club!!
Ouch! That really hurt!
You die...

.......
.._..
.....
... ...
#.# #.#
#@# #O#
#.# #.#
#.##
#..#
#$.#
#..###
#....#


You could see an ogre.

Vanquished Creatures
  3 adders
  4 gnolls
  2 worms
  3 dart slugs (D:2)
  4 leopard geckos
  6 orcs (D:3)
  A giant cockroach (D:1)
  3 goblins
  5 hobgoblins
  3 jackals (D:1)
  2 quokkas (D:2)
  2 ball pythons
  7 bats
  6 frilled lizards
  3 kobolds (D:1)
  7 rats
61 creatures vanquished.

Vanquished Creatures (others)
  2 fungi (D:4)
2 creatures vanquished.

Grand Total: 63 creatures vanquished

Notes
Turn   | Place    | Note
-------+----------+-------------------------------------------
     0 | D:1      | marklar909 the Hill Orc Monk began the quest for the Orb.
     0 | D:1      | Reached XP level 1. HP: 19/19 MP: 1/1
   172 | D:1      | Reached XP level 2. HP: 24/27 MP: 2/2
   466 | D:1      | Reached XP level 3. HP: 33/33 MP: 3/3
  1037 | D:1      | Reached skill level 1 in Armour
  1271 | D:2      | Found an iron altar of Okawaru.
  1633 | D:1      | Reached skill level 5 in Axes
  1689 | D:1      | Reached XP level 4. HP: 16/41 MP: 4/4
  2609 | D:3      | Found a radiant altar of Vehumet.
  2732 | D:3      | Reached XP level 5. HP: 41/47 MP: 5/5
  3166 | D:4      | Reached skill level 6 in Axes
  3264 | D:4      | Noticed an ogre
  3281 | D:4      | Found a broken altar of Ashenzari.
  3283 | D:4      | Demolished by an ogre

Illustrated notes

Levels and vault maps discovered:
D:1:      minmay_arrival_cross, layout_basic, minmay_tetromino_i4
D:2:      layout_loops_cross, old_standard_altar, minmay_tripent
D:3:      layout_rooms, vehumet_crystals
D:4:      layout_rooms, zin_academy, overflow_temple_1_default,
          lemuel_round_altar, serial_aquarium, aquarium_bridge_square
          [aquarium_subvault_balcony, aquarium_subvault_bridge,
          aquarium_subvault_bridge, aquarium_subvault_bridge],
          aquarium_window_fake, aquarium_window_fake, aquarium_view_2c,
          aquarium_balcony_1a

Skill      XL: |  1  2  3  4  5 |
---------------+----------------+-----
Fighting       | 4 |  4.4
Armour         | 1 2 |  2.0
Axes           | 5 6 |  6.1
Dodging        | |  2.7
Stealth        | |  1.5

Action                   |  1- 3 |  4- 6 || total
-------------------------+-------+-------++-------
Melee: Hand axe          |   153 |   106 ||   259
Throw: Dart              |       |     4 ||     4
Armor: Plate armour      |   171 |    69 ||   240
Dodge: Dodged            |    36 |    22 ||    58

Table legend: (Time is in decaauts)
 A = Elapsed time spent in this place.
 B = Non-inter-level travel time spent in this place.
 C = Inter-level travel time spent in this place.
 D = Time resting spent in this place.
 E = Time spent auto-exploring this place.
 F = Levels seen in this place.
 G = Mean time per level.
                   A        B        C        D        E       F      G
               +--------+--------+--------+--------+--------+-----+--------+
         Total |   3298 |   3064 |    234 |    471 |   2039 |   4 |  824.5 |
       Dungeon |   3298 |   3064 |    234 |    471 |   2039 |   4 |  824.5 |
               +--------+--------+--------+--------+--------+-----+--------+

Top non-repeatable levels by time:
     D:1: 1794 daAuts
     D:3: 698 daAuts
     D:2: 681 daAuts
     D:4: 124 daAuts
